 Dungeon Crawl Stone Soup version 0.21.1-1-g345015f (webtiles) character file.

77 kae the Covered (level 4, -3/40 HPs)
             Began as a Minotaur Fighter on June 25, 2018.
             Slain by an orc
             ... wielding a +2 hand axe of electrocution
              (9 damage)
             ... on level 3 of the Dungeon.
             The game lasted 00:00:44 (1268 turns).

kae the Covered (Minotaur Fighter)                  Turns: 1268, Time: 00:00:44

Health: -3/40      AC:  7    Str: 21    XL:     4   Next: 13%
Magic:  3/3        EV:  8    Int:  5    God:
Gold:   73         SH:  9    Dex: 10    Spells: 3/3 levels left

rFire    . . .     SeeInvis .   a - +0 long sword
rCold    . . .     Gourm    .   c - +0 shield
rNeg     . . .     Faith    .   b - +0 scale mail
rPois    .         Spirit   .   (helmet restricted)
rElec    .         Reflect  .   (no cloak)
rCorr    .         Harm     .   (no gloves)
MR       .....                  (no boots)
Stlth    ..........             (no amulet)
HPRegen  0.13/turn              (no ring)
MPRegen  0.08/turn              (no ring)

@: lethally poisoned (-3 -> -36)
A: retaliatory headbutt, horns 2
a: no special abilities


You were on level 3 of the Dungeon.
You were not hungry.

You visited 1 branch of the dungeon, and saw 3 of its levels.

You collected 73 gold pieces.

Inventory:

Hand Weapons
 a - a +0 long sword (weapon)
Armour
 b - a +0 scale mail (worn)
 c - a +0 shield (worn)
Scrolls
 e - 4 scrolls of teleportation {unknown}
 h - a scroll of fog {unknown}
 i - 4 scrolls of identify {unknown}
 j - a scroll of remove curse {unknown}
 m - a scroll of noise {unknown}
Potions
 d - a potion of might
 g - a potion of invisibility {unknown}
 k - a potion of magic {unknown}
 l - a potion of curing {unknown}
 n - a potion of mutation {unknown}
Comestibles
 f - 5 rations


   Skills:
 + Level 4.2 Fighting
 * Level 3.8 Long Blades
 + Level 4.2 Armour
 + Level 1.6 Dodging
 - Level 3.6 Shields


You had 3 spell levels left.
You didn't know any spells.

Dungeon Overview and Level Annotations

Branches:
Dungeon (3/15)

Altars:
Elyvilon
Xom
Zin

Annotations:
D:3 RENEGADE's ghost, amateur DrBe


Innate Abilities, Weirdness & Mutations

You reflexively headbutt those who attack you in melee.
You have a pair of horns on your head.


Message History

You miss RENEGADE's ghost.
RENEGADE's ghost is severely damaged.
You feel very sick. You block RENEGADE's ghost's attack.
You block the orc's attack. RENEGADE's ghost hits you.
You are more poisoned.
You closely miss RENEGADE's ghost. You headbutt RENEGADE's ghost.
RENEGADE's ghost is severely damaged.
* * * LOW HITPOINT WARNING * * *
You feel very sick. You block the orc's attack.
RENEGADE's ghost closely misses you. You furiously retaliate!
You headbutt RENEGADE's ghost, but do no damage.
You closely miss RENEGADE's ghost.
RENEGADE's ghost is severely damaged.
* * * LOW HITPOINT WARNING * * *
You feel very sick. RENEGADE's ghost barely misses you.
The orc hits you but does no damage.
You are electrocuted!
You die...

#.##### . ....
. #. ... .. .
..### .. #. ...
.. #####.###.##
.#
........#.o#..#
#.<.@W..#
#...##.##.#
..........#
#.......####
#.....#.#
....$.#.#
......#.#
......#..


You could see RENEGADE's ghost and an orc.

Vanquished Creatures
  An orc priest (D:3)
  2 adders
  An orc (D:3)
  4 giant cockroaches
  3 goblins (D:1)
  2 hobgoblins (D:1)
  2 jackals (D:1)
  3 kobolds
  A quokka (D:3)
  4 bats
  2 frilled lizards
  3 rats (D:2)
28 creatures vanquished.

Notes
Turn   | Place    | Note
-------+----------+-------------------------------------------
     0 | D:1      | kae the Minotaur Fighter began the quest for the Orb.
     0 | D:1      | Reached XP level 1. HP: 19/19 MP: 0/0
   245 | D:1      | Reached XP level 2. HP: 27/27 MP: 1/1
   835 | D:2      | Reached skill level 1 in Dodging
   878 | D:2      | Found a shimmering altar of Xom.
   878 | D:2      | Found a glowing silver altar of Zin.
   878 | D:2      | Noticed an angel
   930 | D:2      | Reached XP level 3. HP: 33/33 MP: 2/2
  1169 | D:2      | Found a white marble altar of Elyvilon.
  1240 | D:3      | Reached XP level 4. HP: 27/40 MP: 3/3
  1257 | D:3      | Noticed RENEGADE's ghost (amateur DrBe)
  1268 | D:3      | Slain by an orc

Skill      XL: |  1  2 |
---------------+-------+-----
Long Blades    | 3 |  3.8
Dodging        | 1 |  1.6
Armour         | 4 |  4.2
Fighting       | 4 |  4.2
Shields        | |  3.6

Action                   |  1- 3 |  4- 6 || total
-------------------------+-------+-------++-------
Melee: Long sword        |    57 |    12 ||    69
       Headbutt          |     3 |     4 ||     7
  Eat: Chunk             |       |     1 ||     1
Armor: Scale mail        |    43 |     5 ||    48
Dodge: Dodged            |    25 |     3 ||    28
Block: Shield            |    42 |    13 ||    55
       Rpst.: Long sword |     9 |       ||     9
